 Dungeon Sprint DCSS version 0.26-a0-652-gafc20e3620 (webtiles) character file.

Game seed: 7781942919418152284

538573 mhtbhm the Minotaur Barricade (level 21, -2/369 HPs)
             Began as a Minotaur Fighter on Oct 2, 2020.
             Was the Champion of Trog.
             Engulfed by a cloud of flame (4 damage)
             ... in the Dungeon (Sprint IX: "|||||||||||||||||||||||||||||").
             The game lasted 00:36:51 (13032 turns).

mhtbhm the Minotaur Barricade (Minotaur Fighter)   Turns: 13032, Time: 00:36:51

Health: -2/369     AC: 28    Str: 29    XL:     21   Next: 83%
Magic:  20/20      EV: 32    Int:  9    God:    Trog [******]
Gold:   303        SH: 36    Dex: 16    Spells: 20/20 levels left

rFire    . . .     SeeInvis .   w - +9 trishula (holy)
rCold    + + .     Faith    .   c - +3 tower shield of Qazlal's Whim {rPois rC+ Int+4}
rNeg     + + +     Spirit   .   b - +0 swamp dragon scales
rPois    +         Reflect  +   V - +2 hat
rElec    .         Harm     .   m - +2 cloak
rCorr    +         Rampage  .   C - +1 pair of gloves
MR       +....     NoTele   +   K - +1 pair of boots
Stlth    ..........             O - amulet of Piadwuk {Reflect rPois SH+5}
HPRegen  0.71/turn              N - ring "Xozeurgh" {rF+ rCorr Dex+4}
MPRegen  0.17/turn              P - ring "Egaipnil" {Ice rN+++}

@: berserking (expiring), very quick
A: retaliatory headbutt, claws 1, fangs 1, horns 2, deterioration 1, robust 1
}: 9/17 runes: decaying, serpentine, barnacled, slimy, elven, silver, golden,
abyssal, gossamer
a: Berserk, Trog's Hand, Brothers in Arms, Renounce Religion


You were in the Dungeon.
You worshipped Trog.
Trog was exalted by your worship.
You visited 1 branch You collected 2015 gold pieces.
You spent 1712 gold pieces at shops.

Inventory:

Hand Weapons
 a - a +5 double sword of electrocution
 o - a +2 morningstar
 u - the +2 scimitar "Deyzimn" {vorpal, +Blink +Rage Stlth+}
   (Trog gifted it to you in the Dungeon)

   It inflicts extra damage upon your enemies.
   It lets you blink.
   It lets you go berserk.
   It makes you more stealthy.
 w - a +9 trishula of holy wrath (weapon)
 S - a +3 double sword of flaming
 T - a +5 double sword of protection
Missiles
 A - 32 javelins (quivered)
Armour
 b - +0 swamp dragon scales (worn)
 c - the +3 tower shield of Qazlal's Whim (worn) {rPois rC+ Int+4}
   (You found it in the Dungeon)

   It affects your intelligence (+4).
   It protects you from cold.
   It protects you from poison.
 m - a +2 cloak (worn)
 C - a +1 pair of gloves (worn)
 K - a +1 pair of boots (worn)
 U - a +3 tower shield of reflection
 V - a +2 hat (worn)
Jewellery
 D - an uncursed ring of see invisible
 N - the ring "Xozeurgh" (left hand) {rF+ rCorr Dex+4}
   (You found it in the Dungeon)

   [ring of resist corrosion]

   It affects your dexterity (+4).
   It protects you from fire.
   It provides partial protection from all sources of acid and corrosion.
 O - the amulet of Piadwuk (around neck) {Reflect rPois SH+5}
   (You found it in the Dungeon)

   [amulet of reflection]

   It shields you and reflects attacks.
   It protects you from poison.
   It affects your SH (+5).
 P - the ring "Egaipnil" (right hand) {Ice rN+++}
   (You found it in the Dungeon)

   [ring of ice]

   It enhances your ice magic.
   It makes you vulnerable to fire.
   It protects you from cold.
   It renders you almost immune to negative energy.
 Q - the amulet "Vampanic" {RegenMP rN+ Str+10 Int-3 Dex+4}
   (You found it in the Dungeon)

   [amulet of magic regeneration]

   It increases your magic regeneration.
   It affects your strength (+10).
   It affects your intelligence (-3).
   It affects your dexterity (+4).
   It protects you from negative energy.
 R - the ring "Geuguo" {rC- MR+ Str+6 Int+5}
   (You found it in the Dungeon)

   [ring of strength]

   It affects your strength (+6).
   It affects your intelligence (+5).
   It makes you vulnerable to cold.
   It affects your resistance to hostile enchantments.
Wands
 l - a wand of acid (7)
 F - a wand of polymorph (10)
 I - a wand of flame (9)
Scrolls
 j - 2 scrolls of blinking
 k - 9 scrolls of remove curse
 n - 2 scrolls of fear
 q - a scroll of immolation
 r - 4 scrolls of identify
 s - 6 scrolls of fog
 E - 6 scrolls of enchant armour
Potions
 d - 2 potions of might
 e - 8 potions of curing
 g - 8 potions of haste
 h - 9 potions of magic
 p - 2 potions of stabbing
 L - a potion of berserk rage
 M - a potion of flight
Miscellaneous
 t - the horn of Geryon
 y - a tin of tremorstones (3/3)
 z - a lightning rod (4/4)


   Skills:
 O Level 27 Fighting
 O Level 27 Long Blades
 * Level 21.9 Maces & Flails
 O Level 27 Polearms
 O Level 27 Throwing
 O Level 27 Armour
 O Level 27 Dodging
 O Level 27 Stealth
 O Level 27 Shields
 * Level 22.9 Unarmed Combat
 O Level 27 Evocations


You had 20 spell levels left.
You didn't know any spells.
Your spell library was empty.

Dungeon Overview and Level Annotations

Branches:
Dungeon (1/1)

Altars:
Cheibriados
Dithmenos
Elyvilon
Fedhas
Gozag
Hepliaklqana
Kikubaaqudgha
Makhleb
Nemelex Xobeh
Okawaru
Qazlal
Ru
Sif Muna
Trog
Uskayaw
Vehumet
Wu Jian
Xom
Yredelemnul
Zin
The Shining One
Beogh
Jiyva
Lugonu

Shops:
D *(=}

Annotations:
D Cerebov, Lom Lobon


Innate Abilities, Weirdness & Mutations

You reflexively headbutt those who attack you in melee.
You have a pair of horns on your head.
You have sharp fingernails.
You have very sharp teeth.
Your body sometimes deteriorates upon taking damage.
You are robust. (+10% HP)


Message History

You are engulfed in blazing flames.
* * * LOW HITPOINT WARNING * * *
Asmodeus gestures at you.
The sphere of damnation explodes!
The damnation engulfs you!
* * * LOW HITPOINT WARNING * * *
The damnation engulfs Asmodeus.
Asmodeus completely resists.
You barely miss Asmodeus.
Asmodeus is almost dead.
You are engulfed in blazing flames.
* * * LOW HITPOINT WARNING * * *
Unknown command.
Unknown command.
You impale Asmodeus!!
Asmodeus convulses!!
You headbutt Asmodeus.
You kill Asmodeus!
Trog accepts your kill.
The Brimstone Fiend disappears in a puff of smoke!
Your Maces & Flails skill gained 2 levels and is now at level 21!
Your Unarmed Combat skill increases to level 22!
You are engulfed in blazing flames.
You die...

▓▓▓▓▓▓▓▓▓▓▓▓▓▓▓▓▓▓▓▓▓▓▓▓▓▓▓▓▓▓▓▓
▓..............................§
▓.▓▓▓▓▓▓▓▓▓▓▓▓▓▓▓▓▓▓▓▓▓▓▓▓▓▓▓▓▓▓
▓............§)@................
▓▓▓▓▓▓▓▓▓▓▓▓▓▓▓▓▓▓▓▓▓▓▓▓▓▓▓▓▓▓▓▓
▓....)')...........'.........)'.
▓.▓▓▓▓▓▓▓▓▓▓▓▓▓▓▓▓▓▓▓▓▓▓▓▓▓▓▓▓▓▓
▓...............................
▓▓▓▓▓▓▓▓▓▓▓▓▓▓▓▓♣♣♣♣♣♣♣♣♣♣♣♣▓▓▓▓
▓.))).....).....')).........))))
▓)▓▓▓▓▓▓▓▓▓▓▓▓▓▓♣♣♣♣♣♣♣♣♣♣♣♣▓▓▓▓
▓.).............................


There were no monsters in sight!

Vanquished Creatures
  Asmodeus (D)
  the Royal Jelly (D)
  Ereshkigal (D)
  Gloorx Vloq (D)
  Mnoleg (D)
  Mennas (D)
  Mara (D)
  3 orbs of fire (D)
  5 ancient liches (D)
  4 greater mummies (D)
  A Killer Klown (D)
  Frederick (D)
  Geryon (D)
  Nikola (D)
  3 golden dragons (D)
  A bone dragon (D)
  5 liches (D)
  An electric golem (D)
  9 tentacled monstrosities (D)
  A titan (D)
  2 quicksilver dragons (D)
  27 Orb Guardians (D)
  3 deep elf blademasters (D)
  2 deep elf master archers (D)
  10 acid blobs (D)
  A tengu reaver (D)
  12 sphinxes (D)
  6 shadow dragons (D)
  7 storm dragons (D)
  Ilsuiw (D)
  3 nagarajas (D)
  Kirke (D)
  7 azure jellies (D)
  2 draconian knights (D)
  3 fire giants (D)
  3 frost giants (D)
  4 deep elf sorcerers (D)
  2 vault wardens (D)
  2 draconian scorchers (D)
  A draconian shifter (D)
  A ghost moth (D)
  3 draconian stormcallers (D)
  2 emperor scorpions (D)
  A very ugly thing (D)
  3 draconian annihilators (D)
  6 stone giants (D)
  Nessos (D)
  2 deep elf demonologists (D)
  2 entropy weavers (D)
  4 green draconians (D)
  2 vampire knights (D)
  3 ironheart preservers (D)
  4 black draconians (D)
  A purple draconian (D)
  3 yellow draconians (D)
  3 red draconians (D)
  2 white draconians (D)
  Snorg (D)
  4 merfolk javelineers (D)
  A deep elf death mage (D)
  2 ettins (D)
  6 ogre magi (D)
  2 deep elf high priests (D)
  3 fire dragons (D)
  6 yaktaur captains (D)
  5 merfolk impalers (D)
  5 mummy priests (D)
  6 death oozes (D)
  Harold (D)
  A great orb of eyes (D)
  25 vault guards (D)
  4 hydras (D)
  A spriggan air mage (D)
  An alligator snapping turtle (D)
  A ghost crab (D)
  A merfolk avatar (D)
  3 naga warriors (D)
  A centaur warrior (D)
  4 merfolk aquamancers (D)
  A death knight (D)
  A two-headed ogre (D)
  A deep troll shaman (D)
  2 alligators (D)
  Nergalle (D)
  2 deep troll earth magi (D)
  2 shock serpents (D)
  A hell knight (D)
  A deep troll (D)
  2 naga ritualists (D)
  6 swamp dragons (D)
  A sea snake (D)
  A flayed ghost (D)
  A harpy (D)
  2 ironbrand convokers (D)
  A wizard (D)
  A deep elf archer (D)
  8 orc knights (D)
  2 necromancers (D)
  A deep elf mage (D)
  4 wolf spiders (D)
  An oklob plant (D)
  A cyclops (D)
  3 ugly things (D)
  Maurice (D)
  2 orb spiders (D)
  2 guardian serpents (D)
  A manticore (D)
  2 large abominations (D)
  A cyclops (shapeshifter) (D)
  2 black mambas (D)
  9 moths of wrath (D)
  4 cane toads (D)
  5 naga magi (D)
  3 vault sentinels (D)
  A water nymph (D)
  A gargoyle (D)
  2 komodo dragons (D)
  A tengu conjurer (D)
  4 demonic crawlers (D)
  2 yaktaurs (D)
  A freezing wraith (D)
  A meliai (shapeshifter) (D)
  A wandering mushroom (D)
  A hornet (D)
  19 guardian mummies (D)
  A blink frog (D)
  A wind drake (D)
  A merfolk (D)
  A bog body (D)
  3 slime creatures (D)
  4 hippogriffs (D)
  4 redbacks (D)
  12 spriggans (D)
  3 tarantellas (D)
  A wraith (D)
  A hog (D)
  A vampire mosquito (D)
  2 small abominations (D)
  A golden eye (D)
  2 wyverns (D)
  A neqoxec (D)
  4 nagas (D)
  A soldier ant (shapeshifter) (D)
  A soldier ant (D)
  An insubstantial wisp (D)
  An acid dragon (D)
  A water moccasin (D)
  A floating eye (D)
  4 hell hounds (D)
  A porcupine (D)
  4 swamp drakes (D)
  16 orc warriors (D)
  A black bear (shapeshifter) (D)
  An ice beast (D)
  An ogre (D)
  2 eyes of draining (D)
  A centaur (D)
  5 wolves (D)
  A boggart (D)
  A big kobold (D)
  5 bullfrogs (D)
  An earth elemental (D)
  A howler monkey (D)
  A quasit (D)
  3 orc wizards (D)
  3 orc priests (D)
  An adder (D)
  A white imp (D)
  An ufetubus (D)
  An adder zombie (D)
  A worm (shapeshifter) (D)
  7 orcs (D)
  A bat (D)
  A bat zombie (D)
  3 kobolds (D)
  A bat simulacrum (D)
  A frilled lizard (D)
  A quokka skeleton (D)
503 creatures vanquished.

Vanquished Creatures (collateral kills)
  An ancient lich (D)
  3 vampire knights (D)
  2 orc knights (D)
  2 orc warriors (D)
8 creatures vanquished.

Vanquished Creatures (others)
  A draconian knight (D)
  2 hornets (D)
3 creatures vanquished.

Grand Total: 514 creatures vanquished

Notes
Turn   | Place    | Note
-------+----------+-------------------------------------------
     0 | D        | mhtbhm the Minotaur Fighter began the quest for the Orb.
     0 | D        | Reached XP level 1. HP: 19/19 MP: 0/0
    47 | D        | Noticed a centaur
    47 | D        | Noticed an ogre
    50 | D        | Reached XP level 2. HP: 27/28 MP: 1/1
    56 | D        | Killed a centaur
    56 | D        | Reached XP level 3. HP: 35/38 MP: 2/2
    56 | D        | Reached XP level 4. HP: 41/45 MP: 3/3
    59 | D        | Killed an ogre
    59 | D        | Reached XP level 5. HP: 49/52 MP: 4/4
   105 | D        | Found a roughly hewn altar of Beogh.
   105 | D        | Found a snail-covered altar of Cheibriados.
   105 | D        | Found a shadowy altar of Dithmenos.
   105 | D        | Found a white marble altar of Elyvilon.
   105 | D        | Found a blossoming altar of Fedhas.
   105 | D        | Found an opulent altar of Gozag.
   106 | D        | Found a hazy altar of Hepliaklqana.
   107 | D        | Found a viscous altar of Jiyva.
   108 | D        | Found an ancient bone altar of Kikubaaqudgha.
   109 | D        | Found a corrupted altar of Lugonu.
   110 | D        | Found a burning altar of Makhleb.
   111 | D        | Found a sparkling altar of Nemelex Xobeh.
   112 | D        | Found an iron altar of Okawaru.
   113 | D        | Found a stormy altar of Qazlal.
   114 | D        | Found a sacrificial altar of Ru.
   115 | D        | Found a shimmering blue altar of Sif Muna.
   116 | D        | Found a bloodstained altar of Trog.
   117 | D        | Found a hide-covered altar of Uskayaw.
   118 | D        | Found a radiant altar of Vehumet.
   119 | D        | Found an ornate altar of the Wu Jian Council.
   120 | D        | Found a shimmering altar of Xom.
   123 | D        | Found a basalt altar of Yredelemnul.
   124 | D        | Found a glowing silver altar of Zin.
   125 | D        | Found a glowing golden altar of the Shining One.
   142 | D        | Became a worshipper of Trog the Wrathful
   201 | D        | Noticed a two-headed ogre
   201 | D        | Noticed an ice beast
   203 | D        | Reached XP level 6. HP: 58/62 MP: 5/5
   203 | D        | Reached * piety under Trog
   204 | D        | HP: 2/62 [two-headed ogre/+0 giant spiked club (20)]
   205 | D        | Killed a two-headed ogre
   205 | D        | Reached skill level 10 in Fighting
   205 | D        | Reached skill level 1 in Dodging
   205 | D        | Reached XP level 7. HP: 2/73 MP: 6/6
   211 | D        | Reached ** piety under Trog
   211 | D        | Reached skill level 10 in Long Blades
   211 | D        | Reached XP level 8. HP: 39/81 MP: 7/7
   440 | D        | Noticed a gargoyle
   440 | D        | Noticed a death knight
   440 | D        | Noticed a slime creature
   440 | D        | Noticed a six-headed hydra
   446 | D        | Killed a gargoyle
   450 | D        | Killed a death knight
   450 | D        | Reached skill level 1 in Evocations
   450 | D        | Reached XP level 9. HP: 77/90 MP: 8/8
   460 | D        | Killed a one-headed hydra
   460 | D        | Reached *** piety under Trog
   866 | D        | Noticed a black mamba
   866 | D        | Noticed a cane toad
   866 | D        | Noticed a cane toad
   866 | D        | Noticed a cane toad
   871 | D        | Killed a black mamba
   871 | D        | Reached **** piety under Trog
   874 | D        | Killed a cane toad
   876 | D        | Reached skill level 15 in Armour
   879 | D        | Killed a cane toad
   879 | D        | Reached XP level 10. HP: 101/101 MP: 9/9
   880 | D        | Killed a cane toad
   880 | D        | Reached ***** piety under Trog
   926 | D        | Noticed a cane toad
   930 | D        | Killed a cane toad
   931 | D        | Noticed an oklob plant
   933 | D        | Received a gift from Trog
   942 | D        | Reached skill level 15 in Long Blades
  1305 | D        | Killed an oklob plant
  1315 | D        | Reached skill level 1 in Stealth
  1322 | D        | Reached ****** piety under Trog
  1567 | D        | Noticed Harold
  1575 | D        | Killed Harold
  1575 | D        | Reached XP level 11. HP: 110/111 MP: 10/10
  1665 | D        | Received a gift from Trog
  1680 | D        | Received a gift from Trog
  1718 | D        | Got a smoking demon whip {god gift}
  1719 | D        | Identified the +9 demon whip of Sequestration {flame, rC+
                  | Str-5 Int+4} (Trog gifted it to you in the Dungeon)
  1970 | D        | Noticed an orc knight
  1972 | D        | Received a gift from Trog
  1998 | D        | Killed an orc knight
  2006 | D        | Received a gift from Trog
  2007 | D        | Reached skill level 15 in Shields
  2077 | D        | Found Ukhloit's General Store.
  2077 | D        | Noticed an orc knight
  2077 | D        | Noticed an orc knight
  2077 | D        | Noticed an orc knight
  2077 | D        | Noticed an orc knight
  2078 | D        | Noticed an orc knight
  2085 | D        | Killed an orc knight
  2092 | D        | Killed an orc knight
  2092 | D        | Reached skill level 15 in Fighting
  2093 | D        | Found Cusynosi's Weapon Shoppe.
  2096 | D        | Killed an orc knight
  2099 | D        | Noticed an orc knight
  2104 | D        | Killed an orc knight
  2105 | D        | Noticed an orc knight
  2109 | D        | Killed an orc knight
  2109 | D        | Received a gift from Trog
  2110 | D        | Found Ruschast's Jewellery Emporium.
  2132 | D        | HP: 5/113 [orc knight/bolt (12)]
  2140 | D        | Killed an orc knight
  2141 | D        | Killed an orc knight
  2422 | D        | Received a gift from Trog
  2535 | D        | Found Tenuh's Gadget Shoppe.
  2589 | D        | Bought an uncursed amulet of reflection for 330 gold pieces
  2591 | D        | Bought a tin of tremorstones (3/3) for 440 gold pieces
  2591 | D        | Bought a lightning rod (4/4) for 440 gold pieces
  2591 | D        | Bought a wand of acid (8) for 264 gold pieces
  2631 | D        | Bought a scroll of identify for 28 gold pieces
  2631 | D        | Bought a scroll of identify for 28 gold pieces
  2631 | D        | Bought a potion of haste for 140 gold pieces
  2631 | D        | Bought a potion of curing for 42 gold pieces
  2860 | D        | Gained mutation: You have very sharp teeth. [potion of
                  | mutation]
  2860 | D        | Gained mutation: You have sharp fingernails. [potion of
                  | mutation]
  2860 | D        | Gained mutation: You are robust. (+10% HP) [potion of
                  | mutation]
  2861 | D        | Noticed a brown ugly thing
  2864 | D        | Noticed a deep elf mage
  2866 | D        | Reached skill level 5 in Stealth
  2867 | D        | Noticed a deep troll earth mage
  2875 | D        | Killed a brown ugly thing
  2876 | D        | Noticed a centaur warrior
  2880 | D        | Killed a deep troll earth mage
  2880 | D        | Received a gift from Trog
  2884 | D        | Killed a deep elf mage
  2887 | D        | Noticed a fire crab
  2887 | D        | a fire crab changed into something unseen
  2890 | D        | Noticed a stone giant
  2892 | D        | Killed a centaur warrior
  2892 | D        | Reached skill level 5 in Dodging
  2892 | D        | Reached XP level 12. HP: 107/135 MP: 3/11
  2894 | D        | Noticed a frost giant
  2900 | D        | Killed a stone giant
  2904 | D        | Killed a frost giant
  2904 | D        | Received a gift from Trog
  3117 | D        | Noticed Snorg
  3132 | D        | Killed Snorg
  3239 | D        | Noticed a naga warrior
  3241 | D        | Received a gift from Trog
  3256 | D        | Killed a naga warrior
  3256 | D        | Reached skill level 5 in Evocations
  3259 | D        | Received a gift from Trog
  3398 | D        | Noticed a ghost crab
  3400 | D        | Received a gift from Trog
  3402 | D        | Noticed an alligator
  3406 | D        | Killed a ghost crab
  3410 | D        | Killed an alligator
  3688 | D        | Received a gift from Trog
  3698 | D        | Reached XP level 13. HP: 144/147 MP: 4/12
  3709 | D        | Noticed a merfolk javelineer
  3710 | D        | Noticed a merfolk impaler
  3712 | D        | Received a gift from Trog
  3714 | D        | Killed a merfolk javelineer
  3726 | D        | Killed a merfolk impaler
  3728 | D        | Received a gift from Trog
  3966 | D        | Noticed Maurice
  3973 | D        | Killed Maurice
  3976 | D        | Noticed Nergalle
  3987 | D        | Killed Nergalle
  4030 | D        | Noticed a frost giant
  4030 | D        | Noticed a stone giant
  4030 | D        | Noticed a stone giant
  4033 | D        | Killed a stone giant
  4033 | D        | Killed a frost giant
  4033 | D        | Received a gift from Trog
  4033 | D        | Killed a stone giant
  4035 | D        | Noticed a tengu reaver
  4045 | D        | Noticed a fire giant
  4046 | D        | Received a gift from Trog
  4055 | D        | Killed a tengu reaver
  4055 | D        | Reached skill level 10 in Dodging
  4064 | D        | Noticed a red very ugly thing
  4067 | D        | Received a gift from Trog
  4067 | D        | Reached skill level 10 in Evocations
  4067 | D        | Noticed a stone giant
  4068 | D        | Noticed a fire giant
  4068 | D        | Killed a fire giant
  4069 | D        | Killed a red very ugly thing
  4072 | D        | Received a gift from Trog
  4085 | D        | Killed a stone giant
  4085 | D        | Reached XP level 14. HP: 91/161 MP: 13/13
  4088 | D        | HP: 1/161 [fire giant/bolt of fire (44)]
  4089 | D        | Killed a fire giant
  4561 | D        | Noticed a vault warden
  4564 | D        | Received a gift from Trog
  4567 | D        | Killed a vault warden
  4569 | D        | Received a gift from Trog
  4572 | D        | Noticed an entropy weaver
  4578 | D        | Killed an entropy weaver
  4579 | D        | Noticed an ironheart preserver
  4582 | D        | Noticed an entropy weaver
  4586 | D        | Noticed a vault warden
  4588 | D        | Killed an entropy weaver
  4588 | D        | Received a gift from Trog
  4590 | D        | Killed an ironheart preserver
  4598 | D        | Killed a vault warden
  4598 | D        | Received a gift from Trog
  4930 | D        | Noticed Mennas
  4949 | D        | Killed Mennas
  5147 | D        | Got the +3 plate armour of the Hurricane {*Corrode rC++
                  | Int+5}
  5272 | D        | Noticed Nessos
  5280 | D        | Killed Nessos
  5280 | D        | Received a gift from Trog
  5330 | D        | Noticed Ilsuiw
  5335 | D        | Received a gift from Trog
  5338 | D        | Killed Ilsuiw
  5338 | D        | Reached XP level 15. HP: 163/176 MP: 14/14
  5349 | D        | Received a gift from Trog
  5359 | D        | Got a barnacled rune of Zot
  5571 | D        | Received a gift from Trog
  5596 | D        | Received a gift from Trog
  5616 | D        | Got a decaying rune of Zot
  5623 | D        | Noticed a nagaraja
  5624 | D        | Noticed a nagaraja
  5626 | D        | Received a gift from Trog
  5628 | D        | Killed a nagaraja
  5630 | D        | Noticed a nagaraja
  5634 | D        | Received a gift from Trog
  5635 | D        | Killed a nagaraja
  5636 | D        | Killed a nagaraja
  5654 | D        | Received a gift from Trog
  5658 | D        | Got a serpentine rune of Zot
  5718 | D        | Received a gift from Trog
  5719 | D        | Killed a ghost moth
  5740 | D        | Got a gossamer rune of Zot
  5748 | D        | Got a polished falchion {god gift}
  5749 | D        | Identified the +7 falchion of Conscience {vorpal, rN+}
                  | (Trog gifted it to you in the Dungeon)
  5984 | D        | Received a gift from Trog
  5990 | D        | Reached skill level 27 in Shields
  5998 | D        | Reached skill level 15 in Dodging
  6014 | D        | Received a gift from Trog
  6024 | D        | Reached skill level 15 in Evocations
  6057 | D        | Received a gift from Trog
  6069 | D        | Reached XP level 16. HP: 174/191 MP: 15/15
  6100 | D        | Received a gift from Trog
  6125 | D        | Received a gift from Trog
  6128 | D        | Noticed a shadow dragon
  6133 | D        | Received a gift from Trog
  6423 | D        | Killed a shadow dragon
  6429 | D        | Got a scorched double sword {god gift}
  6430 | D        | Identified the +2 double sword of Zaneurr {vorpal, +Fly
                  | Str+3 Int+4} (Trog gifted it to you in the Dungeon)
  6595 | D        | Noticed a shadow dragon
  6603 | D        | Killed a shadow dragon
  6607 | D        | Received a gift from Trog
  6607 | D        | Reached skill level 1 in Throwing
  6742 | D        | Noticed a shadow dragon
  6742 | D        | Noticed a titan
  6742 | D        | Noticed a tentacled monstrosity
  6742 | D        | Noticed a lich
  6742 | D        | Noticed a shadow dragon
  6747 | D        | Killed a shadow dragon
  6747 | D        | Received a gift from Trog
  6754 | D        | Killed a titan
  6754 | D        | Killed a tentacled monstrosity
  7048 | D        | Killed a lich
  7048 | D        | Reached skill level 27 in Long Blades
  7066 | D        | Noticed a shadow dragon
  7074 | D        | Killed a shadow dragon
  7074 | D        | Received a gift from Trog
  7074 | D        | Reached skill level 27 in Fighting
  7079 | D        | Killed a shadow dragon
  7386 | D        | Got a silver rune of Zot
  7419 | D        | Noticed Mara
  7422 | D        | Noticed mhtbhm's illusion
  7436 | D        | Killed Mara
  7436 | D        | Reached skill level 5 in Throwing
  7455 | D        | Noticed Kirke
  7466 | D        | Killed Kirke
  7466 | D        | Received a gift from Trog
  7537 | D        | Got the ring "Xozeurgh" {rF+ rCorr Dex+4}
  7539 | D        | Got the amulet of Piadwuk {Reflect rPois SH+5}
  7541 | D        | Got the ring "Egaipnil" {Ice rN+++}
  7543 | D        | Got the amulet "Vampanic" {RegenMP rN+ Str+10 Int-3 Dex+4}
  7545 | D        | Got the ring "Geuguo" {rC- MR+ Str+6 Int+5}
  7574 | D        | Got the +3 tower shield of Qazlal's Whim {rPois rC+ Int+4}
  7727 | D        | Noticed Nikola
  7736 | D        | Killed Nikola
  8031 | D        | Noticed Frederick
  8049 | D        | Killed Frederick
  8096 | D        | Noticed a lich
  8097 | D        | Received a gift from Trog
  8099 | D        | Killed a lich
  8099 | D        | Reached XP level 17. HP: 210/210 MP: 16/16
  8105 | D        | Received a gift from Trog
  8223 | D        | Noticed a golden dragon
  8223 | D        | Noticed a bone dragon
  8236 | D        | Killed a golden dragon
  8239 | D        | Received a gift from Trog
  8243 | D        | Killed a bone dragon
  8290 | D        | Received a gift from Trog
  8431 | D        | Noticed a quicksilver dragon
  8439 | D        | Killed a quicksilver dragon
  8453 | D        | Received a gift from Trog
  8523 | D        | Noticed a quicksilver dragon
  8527 | D        | Noticed a golden dragon
  8528 | D        | Killed a quicksilver dragon
  8533 | D        | Received a gift from Trog
  8554 | D        | Killed a golden dragon
  8715 | D        | Noticed a tentacled monstrosity
  8715 | D        | Noticed a tentacled monstrosity
  8721 | D        | Killed a tentacled monstrosity
  8721 | D        | Received a gift from Trog
  8721 | D        | Reached skill level 10 in Throwing
  8722 | D        | Noticed a tentacled monstrosity
  8739 | D        | Killed a tentacled monstrosity
  8743 | D        | Killed a tentacled monstrosity
  8743 | D        | Received a gift from Trog
  8763 | D        | Got a masterwork falchion {god gift}
  8764 | D        | Identified the +9 falchion of Anguish {vorpal, Stlth+}
                  | (Trog gifted it to you in the Dungeon)
  8913 | D        | Noticed a tentacled monstrosity
  8916 | D        | Noticed a tentacled monstrosity
  8917 | D        | Killed a tentacled monstrosity
  8923 | D        | Received a gift from Trog
  8923 | D        | Reached XP level 18. HP: 220/220 MP: 17/17
  8932 | D        | Killed a tentacled monstrosity
  8948 | D        | Received a gift from Trog
  9062 | D        | Noticed an Orb Guardian
  9062 | D        | Noticed an Orb Guardian
  9062 | D        | Noticed an Orb Guardian
  9062 | D        | Noticed an Orb Guardian
  9062 | D        | Noticed an Orb Guardian
  9062 | D        | Noticed an Orb Guardian
  9063 | D        | Noticed an Orb Guardian
  9068 | D        | Killed an Orb Guardian
  9069 | D        | Noticed an Orb Guardian
  9074 | D        | Killed an Orb Guardian
  9080 | D        | Killed an Orb Guardian
  9080 | D        | Reached skill level 27 in Dodging
  9085 | D        | Killed an Orb Guardian
  9093 | D        | Killed an Orb Guardian
  9096 | D        | Killed an Orb Guardian
  9096 | D        | Reached skill level 10 in Stealth
  9100 | D        | Killed an Orb Guardian
  9100 | D        | Received a gift from Trog
  9107 | D        | Killed an Orb Guardian
  9108 | D        | Noticed an Orb Guardian
  9109 | D        | Noticed an Orb Guardian
  9120 | D        | Killed an Orb Guardian
  9130 | D        | Killed an Orb Guardian
  9194 | D        | Noticed a golden dragon
  9194 | D        | Noticed an Orb Guardian
  9194 | D        | Noticed an Orb Guardian
  9195 | D        | Noticed an Orb Guardian
  9199 | D        | Noticed an Orb Guardian
  9204 | D        | Killed a golden dragon
  9206 | D        | Killed an Orb Guardian
  9206 | D        | Received a gift from Trog
  9208 | D        | Killed an Orb Guardian
  9215 | D        | Killed an Orb Guardian
  9220 | D        | Killed an Orb Guardian
  9312 | D        | Noticed an ancient lich
  9326 | D        | Killed an ancient lich
  9326 | D        | Received a gift from Trog
  9421 | D        | Noticed an orb of fire
  9424 | D        | Gained mutation: Your body sometimes deteriorates upon
                  | taking damage. [an orb of fire]
  9438 | D        | Killed an orb of fire
  9438 | D        | Reached skill level 15 in Throwing
  9562 | D        | Noticed an electric golem
  9564 | D        | Killed an electric golem
  9566 | D        | Noticed a tentacled monstrosity
  9566 | D        | Noticed an ancient lich
  9566 | D        | Noticed an ancient lich
  9566 | D        | Noticed a Killer Klown
  9567 | D        | Noticed an orb of fire
  9571 | D        | Received a gift from Trog
  9571 | D        | Reached skill level 15 in Stealth
  9571 | D        | Noticed an orb of fire
  9574 | D        | Killed an ancient lich
  9574 | D        | Reached XP level 19. HP: 220/227 MP: 18/18
  9574 | D        | Killed an orb of fire
  9574 | D        | Killed a Killer Klown
  9575 | D        | Noticed a Brimstone Fiend
  9578 | D        | Killed an ancient lich
  9578 | D        | Received a gift from Trog
  9578 | D        | Reached skill level 27 in Evocations
  9586 | D        | Killed an orb of fire
  9660 | D        | Received a gift from Trog
  9919 | D        | Received a gift from Trog
  9954 | D        | Received a gift from Trog
 10073 | D        | Noticed a lich
 10073 | D        | Noticed an ancient lich
 10075 | D        | Noticed an ancient lich
 10077 | D        | Killed a lich
 10078 | D        | Noticed an ancient lich
 10082 | D        | Received a gift from Trog
 10094 | D        | Killed an ancient lich
 10094 | D        | Reached skill level 27 in Armour
 10096 | D        | Reached XP level 20. HP: 112/237 MP: 19/19
 10099 | D        | Received a gift from Trog
 10104 | D        | Killed an ancient lich
 10104 | D        | Received a gift from Trog
 10107 | D        | Killed an ancient lich
 10127 | D        | Received a gift from Trog
 10563 | D        | Received a gift from Trog
 10567 | D        | Received a gift from Trog
 10572 | D        | Received a gift from Trog
 10580 | D        | Reached skill level 27 in Throwing
 10593 | D        | Got an elven rune of Zot
 10676 | D        | Received a gift from Trog
 10685 | D        | Noticed the Royal Jelly
 10691 | D        | Received a gift from Trog
 10691 | D        | Reached skill level 27 in Stealth
 10692 | D        | Reached skill level 5 in Polearms
 10692 | D        | Killed the Royal Jelly
 10722 | D        | Received a gift from Trog
 10753 | D        | Got a slimy rune of Zot
 10899 | D        | Reached skill level 15 in Polearms
 10925 | D        | Received a gift from Trog
 10926 | D        | Received a gift from Trog
 10928 | D        | Paralysed by a sphinx for 2 turns
 10933 | D        | Received a gift from Trog
 10933 | D        | Reached XP level 21. HP: 140/246 MP: 20/20
 10935 | D        | Paralysed by a sphinx for 6 turns
 11208 | D        | Received a gift from Trog
 11612 | D        | Got a twisted scimitar {god gift}
 11613 | D        | Identified the +2 scimitar "Deyzimn" {vorpal, +Blink +Rage
                  | Stlth+} (Trog gifted it to you in the Dungeon)
 11628 | D        | Reached skill level 1 in Maces & Flails
 11629 | D        | Received a gift from Trog
 11637 | D        | Reached skill level 5 in Maces & Flails
 11958 | D        | Noticed a greater mummy
 11958 | D        | Noticed a greater mummy
 11958 | D        | Noticed a greater mummy
 11960 | D        | Received a gift from Trog
 11965 | D        | Killed a greater mummy
 11965 | D        | Reached skill level 15 in Unarmed Combat
 11965 | D        | Killed a greater mummy
 11982 | D        | Received a gift from Trog
 11983 | D        | Killed a greater mummy
 11986 | D        | Noticed a greater mummy
 12147 | D        | Killed a greater mummy
 12166 | D        | Got a golden rune of Zot
 12278 | D        | Received a gift from Trog
 12287 | D        | Received a gift from Trog
 12303 | D        | Got an abyssal rune of Zot
 12305 | D        | Got a masterwork long sword {god gift}
 12306 | D        | Identified the +12 long sword "Saek" {flame, rC- rN+ Str+8
                  | Stlth+} (Trog gifted it to you in the Dungeon)
 12441 | D        | Noticed Geryon
 12458 | D        | Killed Geryon
 12458 | D        | Reached skill level 15 in Maces & Flails
 12507 | D        | Noticed Gloorx Vloq
 12507 | D        | Noticed Ereshkigal
 12515 | D        | Killed Gloorx Vloq
 12516 | D        | Noticed Mnoleg
 12522 | D        | Identified the +7 sceptre of Asmodeus
 12522 | D        | Noticed Asmodeus
 12527 | D        | Identified the +6 sword of Cerebov {flame}
 12527 | D        | Noticed Cerebov
 12529 | D        | Killed Mnoleg
 12536 | D        | Noticed Lom Lobon
 12544 | D        | HP: 11/246 [something (3)]
 12554 | D        | HP: 11/246 [??? (4)]
 13010 | D        | Killed Ereshkigal
 13010 | D        | Reached skill level 27 in Polearms
 13030 | D        | HP: 5/369 [Asmodeus/damnation (16)]
 13031 | D        | HP: 2/369 [Asmodeus] (3)]
 13032 | D        | Killed Asmodeus
 13032 | D        | Engulfed by a cloud of flame

Illustrated notes

Levels and vault maps discovered:
D:        linesprint [early_d, line_temple, items_1, d_10, items_2, lair_1,
          lair_end, items_3, orc_1, orc_end, items_4, d_15, swamp_1, shoals_1,
          snake_1, spider_1, d_20, vaults_1, items_5, swamp_end, shoals_end,
          snake_end, spider_end, vaults_end, d_27, items_6, zot_1, zot_end,
          crypt_end, forest_end, elf_end, slime_end, tomb_end, abyss_end,
          pan_hell_end]

Skill      XL: |  1  2  3  4  5  6  7  8  9 10 11 12 13 14 15 16 17 18 19 20 21 |
---------------+----------------------------------------------------------------+-----
Fighting       | 4 6 7 8 10 11 13 14 16 18 19 21 24 27 | 27.0
Armour         | 4 6 8 11 13 15 16 17 18 20 22 24 27 | 27.0
Shields        | 4 6 8 9 11 12 13 14 16 19 21 24 27 | 27.0
Long Blades    | 3 4 6 7 9 10 11 14 16 17 19 20 22 24 27 | 27.0
Dodging        | 1 2 3 5 7 10 13 15 19 25 27 | 27.0
Evocations     | 1 2 6 10 13 15 17 21 26 27 | 27.0
Stealth        | 2 5 6 7 15 22 27 | 27.0
Throwing       | 7 10 16 24 27 | 27.0
Polearms       | 21 27 | 27.0
Unarmed Combat | 13 22 | 22.9
Maces & Flails | 21 | 21.9

Action                   |  1- 3 |  4- 6 |  7- 9 | 10-12 | 13-15 | 16-18 | 19-21 || total
-------------------------+-------+-------+-------+-------+-------+-------+-------++-------
Melee: Long sword        |    17 |    12 |       |       |       |       |       ||    29
       Headbutt          |     2 |     2 |    12 |    78 |    69 |   136 |    76 ||   375
       Scimitar          |       |     2 |    34 |   185 |       |       |       ||   221
       Double sword      |       |       |       |    23 |   195 |   402 |   146 ||   766
       Bite              |       |       |       |    14 |    41 |    81 |    58 ||   194
       Demon blade       |       |       |       |    44 |    54 |       |       ||    98
       Trishula          |       |       |       |       |       |       |   138 ||   138
Throw: Javelin           |       |       |       |       |       |    15 |    60 ||    75
       Throwing net      |       |       |       |       |       |     1 |       ||     1
Invok: Berserk           |       |       |     3 |     5 |     3 |     9 |     7 ||    27
       Brothers in Arms  |       |       |       |     2 |     1 |       |     2 ||     5
       Trog's Hand       |       |       |       |       |       |     1 |     1 ||     2
Evoke: Wand              |       |     2 |     1 |     3 |     4 |     1 |       ||    11
       Tin of tremorston |       |       |       |    13 |    36 |    28 |    20 ||    97
       Lightning rod     |       |       |       |     7 |     2 |     1 |     3 ||    13
  Use: Potion            |     1 |       |     1 |     4 |     2 |       |    16 ||    24
       Scroll            |       |       |       |     2 |       |     3 |     8 ||    13
 Stab: Invisible         |       |       |       |     4 |       |       |       ||     4
       Confused          |       |       |       |       |       |     2 |       ||     2
       Sleeping          |       |       |       |       |       |     2 |     4 ||     6
       Distracted        |       |       |       |       |       |       |     1 ||     1
Armor: Scale mail        |     4 |     8 |       |     2 |       |       |       ||    14
       Chain mail        |       |       |     9 |    12 |       |       |       ||    21
       Swamp dragon scal |       |       |       |    21 |    78 |    70 |    83 ||   252
Dodge: Dodged            |     4 |     1 |    10 |    47 |    62 |    89 |   119 ||   332
Block: Kite shield       |    10 |     2 |    13 |   134 |   206 |    51 |       ||   416
       Reflection        |       |       |       |     5 |    11 |     3 |    10 ||    29
       Tower shield      |       |       |       |       |       |   232 |   273 ||   505
       Rpst.: Scimitar   |       |       |     1 |     8 |       |       |       ||     9
       Double sword      |       |       |       |     2 |     7 |    18 |     3 ||    30
       Demon blade       |       |       |       |     1 |     3 |       |       ||     4

Table legend: (Time is in decaauts) A = Elapsed time spent in this place. B = Non-inter-level travel time spent in this place. C = Inter-level travel time spent in this place. D = Time resting spent in this place. E = Time spent auto-exploring this place. F = Levels seen in this place. G = Mean time per level. A B C D E F G +--------+--------+--------+--------+--------+-----+--------+ Total | 12904 | 12904 | 0 | 7271 | 1224 | 1 | 12904.0 | Dungeon | 12904 | 12904 | 0 | 7271 | 1224 | 1 | 12904.0 | +--------+--------+--------+--------+--------+-----+--------+

Top non-repeatable levels by time:
       D: 12904 daAuts
